 Dungeon Crawl Stone Soup version 0.27-a0-1559-g299f9947c5 (webtiles) character file.

Game seed: 6467645069666273079

226 Conn the Sneak (level 6, -8/38 HPs)
             Began as an Octopode Fire Elementalist on July 16, 2021.
             Killed from afar by Ijyb (26 damage)
             ... with a bolt of acid
             ... on level 3 of the Dungeon.
             The game lasted 00:08:45 (4113 turns).

Conn the Sneak (Octopode Fire Elementalist)         Turns: 4113, Time: 00:08:50

Health: -8/38      AC: -3    Str:  7    XL:     6   Next: 1%
Magic:  5/10       EV: 13    Int: 19    God:
Gold:   92         SH:  0    Dex: 13    Spells: 1/10 levels left

rFire    . . .     SeeInvis .   j - +3 quarterstaff (drain)
rCold    . . .     Faith    .   (shield currently unavailable)
rNeg     . . .     Spirit   .   (helmet restricted)
rPois    .         Reflect  .   (no amulet)
rElec    .         Harm     .   (no ring)
rCorr    .         Rampage  .   (no ring)
Will     .....                  (no ring)
Stlth    ++++......             (no ring)
HPRegen  0.12/turn              (no ring)
MPRegen  0.12/turn              (no ring)
                                (no ring)
                                (no ring)

@: corroded
A: almost no armour, amphibious, 8 rings, camouflage 1, gelatinous body 1,
(nimble swimmer 1), tentacles
a: no special abilities


You were on level 3 of the Dungeon.
You visited 1 branch of the dungeon, and saw 3 of its levels.

You collected 92 gold pieces.

Inventory:

Hand Weapons
 a - a +0 short sword
 j - a +3 quarterstaff of draining (weapon)
Missiles
 c - 6 curare-tipped darts
Magical Staves
 h - a staff of earth
Scrolls
 i - 2 scrolls of identify {unknown}
Potions
 b - a potion of ambrosia {unknown}
 d - a potion of resistance {unknown}
 f - a potion of mutation {unknown}


   Skills:
 + Level 1.0 Fighting
 + Level 1.7 Short Blades
 + Level 2.4 Dodging
 + Level 4.2 Stealth
 + Level 2.9 Spellcasting
 + Level 2.1 Conjurations
 + Level 4.1 Fire Magic


You had one spell level left.
You knew the following spells:

 Your Spells              Type           Power      Damage    Failure   Level
a - Foxfire               Conj/Fire      56%        2x1d6     4%          1
b - Conjure Flame         Conj/Fire      14%        6-21      13%         3
c - Inner Flame           Hex/Fire       10%        N/A       21%         3
d - Call Imp              Summ           2%         N/A       24%         2

Your spell library contained the following spells:

 Spells                   Type           Power      Damage    Failure   Level
 Magic Dart               Conj           44%        1d5       6%          1
 Mephitic Cloud           Conj/Pois/Air  5%         N/A       34%         3
 Sticky Flame             Conj/Fire      14%        2d4       38%         4
 Gell's Gravitas          Tloc           1%         N/A       43%         3
 Teleport Other           Tloc           2%         N/A       43%         3
 Fireball                 Conj/Fire      7%         3d5       75%         5
 Dispersal                Tloc           1%         N/A       100%        6


Dungeon Overview and Level Annotations

Branches:
Dungeon (3/15)

Altars:
Gozag

Shops:
D:2 =

Annotations:
D:3 Ijyb


Innate Abilities, Weirdness & Mutations

You cannot wear most types of armour.
You are amphibious.
You can wear up to eight rings at the same time.
Your skin changes colour to match your surroundings (Stealth+).
Your rubbery body absorbs attacks. (AC +1, EV +1)
((You are camouflaged near water. (Stealth+)))
You have tentacles for arms and can constrict up to eight enemies at once.


Message History

Confirm with . or Enter, or press ? or * to list all spells.
You conjure some foxfire!
Your foxfire dissipates!
The foxfire hits Ijyb.
Ijyb completely resists.
The foxfire hits Ijyb.
Ijyb resists.
Ijyb is lightly wounded.
The foxfire hits Ijyb.
Ijyb resists.
Ijyb is lightly wounded.
Ijyb is engulfed in blazing flames.
Casting: Foxfire (safe; 4% risk of failure)
Confirm with . or Enter, or press ? or * to list all spells.
Okay, then.
Unknown command.
Press: ? - help, v - describe, . - travel
Here: Ijyb, wielding a +0 dagger, wearing a +0 leather armour and carrying a wand of acid (4) (moderately wounded, unusually resistant)
The floor.
Unknown command.
Casting: Foxfire (safe; 4% risk of failure)
Confirm with . or Enter, or press ? or * to list all spells.
Okay, then.
Unknown command.
Unknown command.
You hit Ijyb.
Ijyb flickers and vanishes!
Deactivating autopickup; reactivate with Ctrl-A.
You squeeze something. Something hits you.
You hear a zap.
A bolt of acid appears from out of thin air!
The bolt of acid hits you! The acid corrodes you!
You are splashed with acid!
* * * LOW HITPOINT WARNING * * *
You feel better. Something hits you.
Okay, then.
As you read the scroll labelled PIUBBA ONGISHRA, it crumbles to dust.
It is a scroll of brand weapon.
Your +3 quarterstaff of chaos craves living souls!
j - a +3 quarterstaff of draining (weapon)
You hear a zap.
A bolt of acid appears from out of thin air!
The bolt of acid hits you!!
Ouch! That really hurt!
You die...

≈≈≈≈≈≈..............# #.###.###.
..._≈≈..###.........####.###g#...
≈≈≈†≈≈...........................
≈≈≈≈≈...###....g....####.###.....
.........................##......
.............g....†####..........
#.................##...<.#..#....
#.......###...######.###...##....
)...#.#.# ###.#{@....##.........#
........#####.°..######...##....#
##...#.....####............)†####
#......#.#........####....#.##
#...)..#.....................
#............#...###..........
..#.##...........# #.....#..
#....#...........###........
###........####)..#†<....###


There were no monsters in sight!

Vanquished Creatures
  A hound (D:3)
  Crazy Yiuf (D:2)
  Terence (D:2)
  Natasha (D:2)
  4 adders
  4 dart slugs
  7 orcs (D:3)
  7 bats
  4 endoplasms
  3 giant cockroaches (D:2)
  2 goblins (D:3)
  8 hobgoblins
  9 jackals
  2 quokkas
  A ball python (D:1)
  3 frilled lizards
  3 kobolds
  5 rats
66 creatures vanquished.

Vanquished Creatures (others)
  220 foxfires
220 creatures vanquished.

Grand Total: 286 creatures vanquished

Notes
Turn   | Place    | Note
-------+----------+-------------------------------------------
     0 | D:1      | Conn the Octopode Fire Elementalist began the quest for the
                  | Orb.
     0 | D:1      | Reached XP level 1. HP: 11/11 MP: 3/3
   235 | D:1      | Reached XP level 2. HP: 12/17 MP: 5/5
  1495 | D:2      | You fall into a shaft and drop 1 floor!
  1531 | D:2      | Reached XP level 3. HP: 22/22 MP: 4/6
  1535 | D:2      | Learned a level 3 spell: Conjure Flame
  1685 | D:2      | Noticed Terence
  1855 | D:3      | Found an opulent altar of Gozag.
  2005 | D:3      | Reached XP level 4. HP: 27/27 MP: 3/7
  2479 | D:3      | Reached XP level 5. HP: 32/32 MP: 6/8
  2562 | D:3      | Noticed Ijyb
  3186 | D:2      | Found a runed translucent door.
  3187 | D:2      | Noticed Crazy Yiuf
  3238 | D:2      | Killed Terence
  3481 | D:2      | Noticed Natasha
  3489 | D:2      | Killed Natasha
  3490 | D:2      | Reached skill level 1 in Fighting
  3696 | D:2      | Found Kimug's Jewellery Shoppe.
  3747 | D:2      | Learned a level 3 spell: Inner Flame
  3750 | D:2      | Learned a level 2 spell: Call Imp
  3885 | D:2      | Killed Crazy Yiuf
  3886 | D:2      | Reached skill level 1 in Short Blades
  3886 | D:2      | Reached XP level 6. HP: 38/38 MP: 0/10
  4113 | D:3      | Killed from afar by Ijyb

Illustrated notes

Levels and vault maps discovered:
D:1:      elethiomel_arrival_maze, layout_loops_corners,
          minmay_stone_trees_small, roderic_cross_of_infinity, minivault_5
D:2:      layout_loops_corners, serial_shops, nicolae_shop_behind_doors,
          uniq_natasha, uniq_crazy_yiuf_cottage, uniq_terence
D:3:      layout_rooms, mainiacjoe_overflow_catwalk,
          mainiacjoe_overflow_alcove_2, uniq_ijyb

Skill      XL: |  1  2  3  4  5 |
---------------+----------------+-----
Stealth        | 3 4 |  4.2
Fire Magic     | 4 |  4.1
Conjurations   | 2 |  2.1
Fighting       | 1 |  1.0
Short Blades   | 1 |  1.7
Dodging        | |  2.4
Spellcasting   | |  2.9

Action                   |  1- 3 |  4- 6 || total
-------------------------+-------+-------++-------
Melee: Short sword       |    28 |    15 ||    43
       Constrict         |     8 |     5 ||    13
       Tentacles         |     5 |     2 ||     7
       Unarmed           |     1 |       ||     1
       Quarterstaff      |       |     1 ||     1
 Cast: Foxfire           |    32 |    97 ||   129
       Conjure Flame     |     1 |     3 ||     4
       Call Imp          |       |     1 ||     1
  Use: Scroll            |     1 |     1 ||     2
       Potion            |     3 |     1 ||     4
 Stab: Sleeping          |     8 |       ||     8
Armor: Skin              |     7 |     1 ||     8
Dodge: Dodged            |    31 |    29 ||    60

Table legend: (Time is in decaauts)
 A = Elapsed time spent in this place.
 B = Non-inter-level travel time spent in this place.
 C = Inter-level travel time spent in this place.
 D = Time resting spent in this place.
 E = Time spent auto-exploring this place.
 F = Levels seen in this place.
 G = Mean time per level.
                   A        B        C        D        E       F      G
               +--------+--------+--------+--------+--------+-----+--------+
         Total |   4117 |   4025 |     92 |    155 |   3017 |   3 | 1372.3 |
       Dungeon |   4117 |   4025 |     92 |    155 |   3017 |   3 | 1372.3 |
               +--------+--------+--------+--------+--------+-----+--------+

Top non-repeatable levels by time:
     D:2: 1815 daAuts
     D:1: 1495 daAuts
     D:3: 806 daAuts
